Map: Defender's Landing LE

Players

Deathcaptain - Winner!

  • Race: Protoss Protoss
  • League: Gold
  • Spawn Location: 1:00

BsB

  • Race: Terran Terran
  • Spawn Location: 7:00

VOD

Have the link to the VOD?

Description

Time

  • Played on: May 14, 2017, 4:42 p.m.
  • Length: 9:42
Show
View Real Time Build Order
Export as new Build Order

Deathcaptain Protoss - Winner!

Build Orders: Zealot Archon 

Get SALT Encoding   

  12  0:03  Probe (Chrono Boost)  
  13  0:14  Pylon  
  14  0:28  Probe (Chrono Boost)  
  14  0:32  Gateway  
  14  0:38  Assimilator  
  14  0:42  Probe (Chrono Boost)  
  15  0:58  Probe (Chrono Boost)  
  16  1:08  Probe (Chrono Boost)  
  17  1:19  Probe (Chrono Boost)  
  17  1:22  Cybernetics Core  
  17  1:24  Zealot, Gateway  
  20  1:29  Assimilator  
  20  1:42  Probe (Chrono Boost)  
  20  1:44  Warp Gate  
  20  1:46  Pylon  
  21  1:53  Probe (Chrono Boost)  
  22  2:05  Probe (Chrono Boost)  
  23  2:18  Zealot  
  23  2:19  Zealot  
  27  2:25  Probe (Chrono Boost)  
  28  2:43  Twilight Council  
  28  2:46  Zealot  
  28  2:48  Pylon  
  30  2:53  Pylon  
  30  3:01  Forge  
  30  3:06  Zealot  
  30  3:11  Charge  
  32  3:29  Protoss Ground Weapons Level 1  
  32  3:48  Pylon  
  32  4:00  Gateway  
  32  4:02  Gateway  
  32  4:03  Gateway  
  32  4:07  Zealot  
  34  4:11  Zealot  
  36  4:23  Dark Shrine  
  36  4:38  Zealot x2  
  40  5:01  Forge  
  40  5:04  Forge  
  40  5:25  Zealot x2  
  40  5:26  Protoss Ground Weapons Level 2  
  44  5:39  Dark Templar x3  
  50  6:15  Zealot x2  
  54  6:26  Pylon  
  54  6:29  Pylon  
  54  6:32  Pylon  
  54  7:19  Shadow Stride  
  54  7:20  Dark Templar x2  
  54  7:21  Dark Templar x2  
  54  7:22  Zealot  
  64  7:30  Archon x2  
  62  7:53  Nexus  
  62  7:56  Pylon  
  62  7:58  Assimilator  
  62  8:15  Archon  
  62  8:30  Zealot x4  
Show
View Real Time Build Order
Export as new Build Order

BsB Terran 

Build Orders:  

Get SALT Encoding   

  12  0:00  SCV  
  13  0:13  SCV  
  14  0:18  Supply Depot  
  14  0:25  SCV  
  15  0:40  SCV  
  15  0:42  Barracks  
  16  0:52  SCV  
  16  0:56  Refinery  
  17  1:04  SCV  
  18  1:16  SCV  
  19  1:28  SCV  
  20  1:34  Command Center  
  20  1:40  SCV  
  21  1:49  Barracks Reactor  
  21  1:52  Orbital Command  
  21  2:18  SCV  
  21  2:22  Supply Depot  
  22  2:27  Marine  
  23  2:44  Marine, SCV  
  25  2:46  Marine  
  27  2:53  Orbital Command  
  27  2:56  SCV  
  27  3:01  Marine, Barracks  
  27  3:04  Marine  
  27  3:05  Barracks  
  29  3:08  SCV  
  30  3:18  SCV  
  30  3:19  Marine  
  32  3:20  SCV  
  32  3:22  Marine  
  32  3:23  Refinery  
  34  3:30  SCV, Engineering Bay  
  34  3:32  SCV  
  34  3:33  Factory  
  36  3:42  SCV  
  36  3:44  SCV  
  38  3:54  SCV  
  39  3:56  SCV  
  40  4:07  Marine, SCV  
  40  4:09  SCV  
  43  4:10  Barracks Tech Lab  
  43  4:11  Barracks Reactor  
  43  4:12  Terran Infantry Weapons Level 1  
  43  4:19  SCV  
  43  4:20  Starport, Factory Reactor  
  43  4:21  SCV  
  45  4:31  SCV  
  46  4:41  Supply Depot  
  46  4:57  Stimpack  
  46  5:02  Marine x2, SCV x2  
  46  5:04  Supply Depot  
  50  5:07  Marine x2  
  50  5:08  Marine  
  53  5:14  SCV  
  54  5:25  Supply Depot, Medivac x2  
  54  5:26  SCV x2  
  60  5:28  Supply Depot  
  60  5:38  SCV  
  60  5:39  SCV  
  62  5:47  Marine x5  
  62  5:49  Supply Depot  
  67  5:50  SCV  
  67  5:51  SCV, Supply Depot  
  69  6:02  SCV  
  70  6:04  Marine x4  
  74  6:12  Refinery  
  74  6:13  Supply Depot  
  74  6:14  SCV  
  75  6:20  Barracks  
  75  6:23  Barracks  
  75  6:32  Command Center  
  75  6:36  Supply Depot  
  75  6:42  Marine  
  75  6:43  Marine x3  
  75  6:44  Marauder  
  75  6:46  Terran Infantry Armor Level 1  
  78  6:53  Armory  
  63  7:00  Marine  
  58  7:05  Marauder  
  39  7:21  Marine x4  
  43  7:27  Marauder  
  45  7:38  Marine  
  45  7:39  Marine x3  
  45  7:48  Marauder  
  47  7:57  Marine  
  47  7:58  Marine x3  
  51  8:04  Barracks Reactor  
  51  8:08  Barracks Tech Lab  
  51  8:09  Marauder  
  53  8:15  Marine x2  
  53  8:17  Supply Depot  
  55  8:29  Command Center  
  55  8:33  Marine x2, Marauder  
  55  8:34  Marine x2, Marauder  
  63  8:40  Concussive Shells  
  63  8:41  Supply Depot  
  63  8:47  Medivac x2  
  67  8:51  Marine x4  
  67  8:55  Marauder x2  
  75  9:00  Orbital Command  
Tags
 
Composition
Zealot Archon
League
Gold
Matchup
PvT
Spawn Locations
Cross Positions
Add a new tag
Caveats
  • Supply blocks, unpowered buildings, or Contaminate may cause inaccurate times.
  • Supply counts are checked every 10 seconds.